AoeStats
← PUNISHER

Arena

510520233Analyzed
1v1 RM · 23h ago on Oct 1, 2026· 37m 47s· 2 players
Game mode
Random Map
Map size
Tiny (2 player)
Population
200
Speed
Normal
Resources
Standard
Victory
Conquest
Starting age
Dark Age
Ending age
Imperial Age
RankedLock teamsTeams togetherTeam positionsShared explorationLock speedFull tech treeHidden civsTurbo modeCheats
Victory
Defeat
🇹🇷 Britons · Türkiye
837
+15
🇨🇿 Turks · Czechia
826
-15
Lard McFat
11:24 Feudal Age
12:21 Loom
15:05 Castle Age
13:39 Padded Archer Armor
15:01 Scale Barding Armor
21:30 Forging
22:46 Chain Barding Armor
23:33 Bloodlines
26:56 Iron Casting
33:33 Imperial Age
32:26 Double-Bit Axe
PUNISHER
4:37 Loom
9:56 Feudal Age
10:26 Double-Bit Axe
17:41 Castle Age
16:06 Town Watch
16:11 Horse Collar
17:40 Stone Mining
17:43 Fletching
18:02 Gold Mining
19:37 Bow Saw
21:02 Town Patrol
22:51 Bodkin Arrow
22:57 Padded Archer Armor
25:18 Wheelbarrow
26:49 Leather Archer Armor
27:02 Heavy Plow
26:50 Pikeman
27:31 Squires
28:41 Gold Shaft Mining
30:03 Ballistics
29:39 Murder Holes
34:04 Imperial Age
31:52 Treadmill Crane
32:22 Masonry
33:24 Yeomen
33:35 Arson
34:24 Herbal Medicine
35:35 Hand Cart
37:10 Hoardings
38:33 Chemistry
Connection lost

Rejoining the realm…

Still unreachable

The connection could not be restored.

Session expired

The server has moved on; the page needs a fresh start.